 Dungeon Crawl Stone Soup version 0.28-a0-793-g31680bbd8b (webtiles) character file.

Game seed: 632817857427107779

4 jasper the Skirmisher (level 1, -2/18 HPs)
             Began as a Demonspawn Cinder Acolyte on Nov 3, 2021.
             Was a High Priest of Ignis.
             Frozen to death by an endoplasm (4 damage)
             ... on level 1 of the Dungeon.
             The game lasted 00:00:23 (267 turns).

jasper the Skirmisher (Demonspawn Cinder Acolyte)    Turns: 267, Time: 00:00:23

Health: -2/18      AC:  2    Str: 14    XL:     1   Next: 50%
Magic:  2/2        EV:  6    Int: 15    God:    Ignis [*****.]
Gold:   10         SH:  9    Dex:  8    Spells: 2/2 levels left

rFire   + . .      SeeInvis .   a - -1 falchion (flame)
rCold   . . .      Faith    .   c - +0 tower shield
rNeg    . . .      Spirit   .   b - +0 robe
rPois   .          Reflect  .   (no helmet)
rElec   .          Harm     .   (no cloak)
rCorr   .          Rampage  .   (no gloves)
Will    .....                   (no boots)
Stlth   +.........              (no amulet)
HPRegen 0.06/turn               (no ring)
MPRegen 0.08/turn               (no ring)

@: no status effects
A: no striking features
a: Renounce Religion, Sea of Fire, Foxfire Swarm, Rising Flame


You were on level 1 of the Dungeon.
You worshipped Ignis.
Ignis was extremely pleased with you.
You visited 1 branch of the dungeon, and saw 1 of its levels.

You collected 10 gold pieces.

Inventory:

Hand Weapons
 a - a -1 falchion of flaming (weapon)
Armour
 b - a +0 robe (worn)
 c - a +0 tower shield (worn)


   Skills:
 - Level 3.0 Fighting
 * Level 3.0 Long Blades
 + Level 0.0 Shields
 - Level 1.0 Spellcasting
 - Level 2.6 Fire Magic


You had 2 spell levels left.
You didn't know any spells.
Your spell library contained the following spells:

 Spells                   Type           Power      Damage    Failure   Level
 Scorch                   Fire           16%        2d5       97%         2


Dungeon Overview and Level Annotations

Branches:
Dungeon (1/15)

Altars:


Message History

You see here a +0 tower shield.
c - a +0 tower shield You start putting on your armour.
You continue putting on your +0 tower shield. x4
You finish putting on your +0 tower shield.
An endoplasm comes into view.
The endoplasm quivers.
Health restored: 18 An endoplasm is nearby!
The endoplasm freezes you.
You are frozen.
You take 3 damage, and have 15/18 hp.
You hit the endoplasm but do no damage.
The endoplasm hits you but does no damage.
The endoplasm hits you.
You take 3 damage, and have 12/18 hp.
You hit the endoplasm but do no damage. The endoplasm freezes you.
You are frozen.
You take 2 damage, and have 10/18 hp.
You barely miss the endoplasm. The endoplasm freezes you.
You are frozen.
The endoplasm hits you.
You take 2 damage, and have 8/18 hp.
You barely miss the endoplasm. The endoplasm freezes you.
You are frozen.
* * * LOW HITPOINT WARNING * * *
You take 3 damage, and have 5/18 hp.
You hit the endoplasm. You burn the endoplasm.
The endoplasm is heavily wounded.
The endoplasm hits you but does no damage.
The endoplasm freezes you.
You are frozen.
* * * LOW HITPOINT WARNING * * *
You take 3 damage, and have 2/18 hp.
Flames leap up around you! The endoplasm freezes you.
You are frozen.
You die...

#.# #.#...............#.#
#.....##.#.#####........#
########.### #.##.#...# #
#.# #.##.....# #+#
#.##.##..# #.##.##..#
#v##.##..# # #vvv.....#
#### ###@vv....## ...+
+vvJvv..#.# ####
###vvv.##.# # #.#..##.#
#### #.##.##.# ...#
#.##.##.# ##.# #.##.# .#
##.## #..... #...# .###.#


You could see an endoplasm (ally target).

Vanquished Creatures
  2 endoplasms (D:1)
  A frilled lizard (D:1)
  A rat (D:1)
4 creatures vanquished.

Notes
Turn   | Place    | Note
-------+----------+-------------------------------------------
     0 | D:1      | jasper the Demonspawn Cinder Acolyte began the quest for
                  | the Orb.
     0 | D:1      | Reached XP level 1. HP: 18/18 MP: 2/2
   267 | D:1      | Frozen to death by an endoplasm

Illustrated notes

Levels and vault maps discovered:
D:1:      dpeg_arrival_water_fire, layout_loops_corners, serial_shops, shop,
          ebering_ecumenical_altar_rust

Skill      XL: |  1 |
---------------+----+-----
Long Blades    | 3 |  3.0
Fighting       | |  3.0
Spellcasting   | |  1.0
Fire Magic     | |  2.6

Action                   || total
-------------------------++-------
Melee: Falchion          ||    16
Invok: Foxfire Swarm     ||     1
Armor: Robe              ||     2
Dodge: Dodged            ||     4

Table legend: (Time is in decaauts)
 A = Elapsed time spent in this place.
 B = Non-inter-level travel time spent in this place.
 C = Inter-level travel time spent in this place.
 D = Time resting spent in this place.
 E = Time spent auto-exploring this place.
 F = Levels seen in this place.
 G = Mean time per level.
                   A        B        C        D        E       F      G
               +--------+--------+--------+--------+--------+-----+--------+
         Total |    272 |    272 |      0 |     39 |    174 |   1 |  272.0 |
       Dungeon |    272 |    272 |      0 |     39 |    174 |   1 |  272.0 |
               +--------+--------+--------+--------+--------+-----+--------+

Top non-repeatable levels by time:
     D:1: 272 daAuts
